 Dungeon Crawl Stone Soup version 0.31-a0-810-ga77100ea1a (webtiles) character file.

Game seed: 8788014681379459023

60 arthad the Covered (level 3, 0/33 HPs)
             Began as an Armataur Fighter on Sept 21, 2023.
             Slain by a goblin
             ... wielding a +0 dagger
             ... led by Robin
              (3 damage)
             ... on level 2 of the Dungeon.
             The game lasted 00:01:39 (1096 turns).

arthad the Covered (Armataur Fighter)               Turns: 1096, Time: 00:01:40

Health: 0/33       AC:  8    Str: 23    XL:     3   Next: 80%
Magic:  0/3        EV:  7    Int:  8    God:
Gold:   81         SH:  4    Dex:  9    Spells: 2/2 levels left

rFire   . . .        a - +1 flail
rCold   . . .        c - +0 buckler
rNeg    . . .        b - +0 scale mail
rPois   .            (no helmet)
rElec   .            l - +0 cloak
rCorr   .            (no gloves)
SInv    .            (no barding)
Will    .....        g - amulet of guardian spirit Stlth
                     (no ring)
HPRegen 0.25/turn    (no ring)
MPRegen 0.08/turn

%: guardian spirit, roll
@: weak-willed
A: large, rugged brown scales 3, deformed body, armoured tail, roll, long
tongue, awkward tongue
a: no special abilities


You were on level 2 of the Dungeon.
You visited 1 branch of the dungeon, and saw 2 of its levels.

You collected 81 gold pieces.

Inventory:

Hand Weapons
 a - a +1 flail (weapon)
Missiles
 j - 4 darts of dispersal
Armour
 b - a +0 scale mail (worn)
 c - a +0 buckler (worn)
 l - a +0 cloak (worn)
Jewellery
 g - an amulet of guardian spirit (around neck)
Scrolls
 k - a scroll of enchant armour {unknown}
Potions
 d - a potion of might
 e - 2 potions of heal wounds {unknown}


   Skills:
 * Level 3.3 Fighting
 * Level 2.5 Maces & Flails
 + Level 4.2 Armour
 + Level 3.7 Shields


You had 2 spell levels left.
You didn't know any spells.
Your spell library contained the following spells:

 Spells                   Type           Power      Damage    Failure   Level
 Poisonous Vapours        Pois/Air       0%         N/A       89%         2
 Mephitic Cloud           Conj/Pois/Air  0%         N/A       98%         3
 Freezing Cloud           Conj/Ice/Air   0%         6-21      100%        5


Dungeon Overview and Level Annotations

Branches:
Dungeon (2/15)

Altars:

Annotations:
D:2 Robin


Innate Abilities, Weirdness & Mutations

You are completely covered in rugged brown scales. (AC +3, +7% HP)
Armour fits poorly on your strangely shaped body.
You have a long armoured tail.
You roll when moving toward enemies. (Rampage)
Your long tongue fully drains potion bottles. (2x potion effects)
Your tongue gives you trouble enunciating. (1.5x scroll delay)


Message History

The goblin wields a +0 dagger.
The goblin barely misses you. The goblin hits you but does no damage.
You block the goblin's attack.
The frilled lizard bites you but does no damage.
The goblin hits you but does no damage. The goblin hits you with a +0 dagger.
You are too injured to fight recklessly!
As you slowly read the scroll labelled IZAEDE DOTO, it crumbles to dust.
It is a scroll of enchant weapon.
Your +0 flail glows red for a moment.
The ball python bites you but does no damage.
The goblin hits you but does no damage. The goblin closely misses you.
The frilled lizard bites you but does no damage.
The goblin hits you but does no damage.
The ball python bites you but does no damage.
The goblin hits you but does no damage. The goblin completely misses you.
The frilled lizard bites you but does no damage.
The goblin hits you but does no damage. x2
As you slowly read the scroll labelled EMEATU DICHIECS, it crumbles to dust.
Your body is wracked with pain!
The goblin convulses!
The hobgoblin convulses!
The goblin convulses! x3; The ball python convulses!
The hobgoblin convulses!
Robin convulses!
The goblin convulses!
The hobgoblin convulses!
The ball python convulses!
The hobgoblin convulses!
It was a scroll of torment.
The ball python barely misses you. The goblin hits you with a +0 dagger.
* * * LOW HITPOINT WARNING * * *
The goblin barely misses you. You block the ball python's attack.
The goblin hits you with a +0 club.
* * * LOW HITPOINT WARNING * * *
The frilled lizard bites you but does no damage.
The goblin hits you but does no damage. The goblin hits you with a +0 dagger.
* * * LOW HITPOINT WARNING * * *
Okay, then.
As you slowly read the scroll labelled XUVONUE SAPTAFE, it crumbles to dust.
Magic quickly surges around you.
It was a scroll of vulnerability.
You block the ball python's attack. The goblin hits you with a +0 dagger.
* * * LOW HITPOINT WARNING * * *
The goblin hits you but does no damage.
The frilled lizard bites you but does no damage.
The goblin hits you with a +0 dagger.
* * * LOW HITPOINT WARNING * * *
The goblin hits you with a +0 dagger.
You die...

#..... ...# ##.# #.....
..... ...# #..... .....
...# #..... .....###...
#..... .#...g#...
##########. .....Sgg.
#.....# #. ....#gSl#
#.....# #.
.....gg@######.....# #.
.....gggg..........####.
...####...............#.
. .....###..#..........
..##..####.#.......#..
#.....#.#.......#.# .
#...#....#.....##.#
....##.......#.####.#
...>.......########.#


You could see Robin (weak-willed), 4 hobgoblins, 5 goblins, 2 ball pythons and a
frilled lizard (weak-willed).

Vanquished Creatures
  An adder (D:2)
  A worm (D:2)
  3 dart slugs (D:1)
  6 ball pythons
  A bat (D:1)
  2 endoplasms (D:1)
  6 goblins
  4 hobgoblins
  4 jackals (D:2)
  2 kobolds
  2 quokkas
  2 frilled lizards (D:1)
  3 rats (D:1)
37 creatures vanquished.

Notes
Turn   | Place    | Note
-------+----------+-------------------------------------------
     0 | D:1      | arthad the Armataur Fighter began the quest for the Orb.
     0 | D:1      | Reached XP level 1. HP: 19/19 MP: 1/1
   166 | D:1      | Reached XP level 2. HP: 23/26 MP: 2/2
   518 | D:1      | Reached skill level 4 in Armour
   589 | D:1      | Found a faded altar of an unknown god.
   614 | D:1      | Reached XP level 3. HP: 33/33 MP: 3/3
  1086 | D:2      | Noticed Robin
  1096 | D:2      | Slain by a goblin

Illustrated notes

Levels and vault maps discovered:
D:1:      dpeg_arrival_rooms_a, layout_basic, shapermc_ecumenical_altar_gd
D:2:      layout_rooms, basic_altar, nrook_campfire, uniq_robin

Skill      XL: |  1  2 |
---------------+-------+-----
Maces & Flails | 2 |  2.5
Fighting       | 3 |  3.3
Armour         | 4 |  4.2
Shields        | |  3.7

Action                     || total
---------------------------++-------
  Melee: Flail             ||   107
         Tailslap          ||     7
    Use: Scroll            ||     3
 Armour: Scale mail        ||   128
  Dodge: Dodged            ||    73
  Block: Buckler           ||    32

Table legend: (Time is in decaauts)
 A = Elapsed time spent in this place.
 B = Non-inter-level travel time spent in this place.
 C = Inter-level travel time spent in this place.
 D = Time resting spent in this place.
 E = Time spent auto-exploring this place.
 F = Levels seen in this place.
 G = Mean time per level.
                   A        B        C        D        E       F      G
               +--------+--------+--------+--------+--------+-----+--------+
         Total |   1130 |   1108 |     22 |      0 |    862 |   2 |  565.0 |
       Dungeon |   1130 |   1108 |     22 |      0 |    862 |   2 |  565.0 |
               +--------+--------+--------+--------+--------+-----+--------+

Top non-repeatable levels by time:
     D:1: 884 daAuts
     D:2: 246 daAuts
